 Dungeon Crawl Stone Soup version 0.28.0-53-g5a82cb258f (webtiles) character file.

Game seed: 15824154633131981264

99 gobodom the Magician (level 4, -10/31 HPs)
             Began as a Demonspawn Hedge Wizard on June 19, 2022.
             Shot with an arrow by a centaur (13 damage)
             ... on level 3 of the Dungeon.
             The game lasted 00:19:38 (3745 turns).

gobodom the Magician (Demonspawn Hedge Wizard)      Turns: 3745, Time: 00:19:38

Health: -10/31     AC:  2    Str: 11    XL:     4   Next: 45%
Magic:  9/10       EV: 12    Int: 17    God:
Gold:   147        SH:  0    Dex: 12    Spells: 10/11 levels left

rFire   + . .      SeeInvis .   n - staff of conjuration
rCold   . . .      Faith    .   (no shield)
rNeg    . . .      Spirit   .   b - +0 robe
rPois   .          Reflect  .   c - +0 hat
rElec   .          Harm     .   (no cloak)
rCorr   .          Rampage  .   (no gloves)
Will    .....                   (no boots)
Stlth   ++........              (no amulet)
HPRegen 0.10/turn               r - ring of protection from fire
MPRegen 0.12/turn               (no ring)

@: no status effects
A: horns 2, foul stench 1
a: no special abilities


You were on level 3 of the Dungeon.
You visited 1 branch of the dungeon, and saw 3 of its levels.

You collected 207 gold pieces.
You spent 60 gold pieces at shops.

Inventory:

Hand Weapons
 a - a +0 dagger
 h - a +0 short sword
Missiles
 d - 2 boomerangs
 j - 2 javelins
 o - 5 poisoned darts (quivered)
Armour
 b - a +0 robe (worn)
 c - a +0 hat (worn)
Magical Staves
 n - a staff of conjuration (weapon)
Jewellery
 r - a ring of protection from fire (left hand)
Scrolls
 k - a scroll of fear {unknown}
 l - a scroll of holy word {unknown}
 q - 2 scrolls of magic mapping {unknown}
 s - a scroll of vulnerability {unknown}
 t - a scroll of fog {unknown}
Potions
 e - 3 potions of ambrosia {unknown}
 f - 2 potions of might
 g - a potion of curing
 i - a potion of heal wounds
 m - a potion of haste {unknown}
 p - a potion of cancellation
 u - 2 potions of resistance {unknown}


   Skills:
 + Level 0.6 Fighting
 + Level 0.8 Short Blades
 * Level 0.2 Staves
 + Level 0.5 Throwing
 + Level 1.9 Dodging
 + Level 2.1 Stealth
 + Level 4.0 Spellcasting
 + Level 1.9 Conjurations
 + Level 1.0 Summonings
 + Level 0.8 Translocations
 * Level 0.2 Evocations


You had 10 spell levels left.
You knew the following spells:

 Your Spells              Type           Power      Damage    Failure   Level
a - Magic Dart            Conj           60%        1d6       7%          1

Your spell library contained the following spells:

 Spells                   Type           Power      Damage    Failure   Level
 Slow                     Hex            12%        N/A       16%         1
 Call Imp                 Summ           6%         N/A       16%         2
 Blink                    Tloc           12%        N/A       17%         2
 Conjure Flame            Conj/Fire      10%        6-21      32%         3
 Mephitic Cloud           Conj/Pois/Air  8%         N/A       36%         3


Dungeon Overview and Level Annotations

Branches:
Dungeon (3/15)

Altars:
Makhleb

Shops:
D:2 !


Innate Abilities, Weirdness & Mutations

You have a pair of horns on your head.
You may rarely emit foul miasma when damaged in melee.


Message History

Aim: an adder (100% to hit)
You feel a surge of power!
The magic dart hits the adder.
The adder is heavily wounded.
Casting: Magic Dart (safe; 9% risk of failure)
Confirm with . or Enter, or press ? or * to list all spells.
Aiming: Magic Dart (safe; 9% risk of failure)
Press: ? - help, Shift-Dir - straight line, f/p - adder
Aim: an adder (heavily wounded, 100% to hit)
You feel a surge of power!
The magic dart hits the adder but does no damage.
The adder is heavily wounded.
You hit the adder.
The adder is severely wounded.
The adder misses you.
You hit the adder.
You kill the adder!
You see here an adder corpse.
Magic restored.
Found a dagger.
You see here a +0 dagger.
Found a robe.
t - a scroll labelled LAFFIT HEFRING
Found 2 fuming black potions.
You see here a +0 robe.
u - 2 fuming black potions
There is an open door here.
The centaur wields a +0 shortbow.
The centaur shoots an arrow.
The arrow hits you!
Casting: Magic Dart (safe; 7% risk of failure)
Confirm with . or Enter, or press ? or * to list all spells.
Aiming: Magic Dart (safe; 7% risk of failure)
Press: ? - help, Shift-Dir - straight line, f - centaur
Aim: a centaur, wielding a +0 shortbow and quivering arrows (100% to hit)
You feel a surge of power!
The magic dart hits the centaur.
The centaur is lightly wounded.
The centaur shoots an arrow.
The arrow hits you.
The centaur shoots an arrow.
The arrow hits you!
* * * LOW HITPOINT WARNING * * *
The centaur shoots an arrow.
The arrow hits you!
You die...

###...# ###.......)....#####...
......### #........#.#####...####
........# #........#.'....._.....
........# #..........#####...####
...#....###...#..........#####...
...#....#............###.........
........'............# #.........
..#######.......#...## #.....##.#
..# #...........@...# #.....##.#
..###..........#....####.....##.#
.[.......####..............####.#
.............................>#.#
.........#........#.....##.##.#.#
..)......#........#c....##.##...#
.........#..............##.#.....
.....#####..............##.#.....
.......# #....(.........##.#.....


You could see a centaur.

Vanquished Creatures
  3 adders
  A worm (D:2)
  3 dart slugs
  6 endoplasms
  2 giant cockroaches
  4 goblins
  9 hobgoblins
  8 kobolds
  4 quokkas
  4 ball pythons
  4 bats
  5 frilled lizards
  7 rats
60 creatures vanquished.

Notes
Turn   | Place    | Note
-------+----------+-------------------------------------------
     0 | D:1      | gobodom the Demonspawn Hedge Wizard began the quest for the
                  | Orb.
     0 | D:1      | Reached XP level 1. HP: 13/13 MP: 4/4
   428 | D:1      | Gained mutation: You have a pair of small horns on your
                  | head. [demonic ancestry]
   428 | D:1      | Reached XP level 2. HP: 19/19 MP: 3/6
  1299 | D:2      | Gained mutation: You may rarely emit foul miasma when
                  | damaged in melee. [demonic ancestry]
  1299 | D:2      | Reached XP level 3. HP: 19/24 MP: 2/8
  1380 | D:2      | Found a faded altar of an unknown god.
  1591 | D:2      | Found Biong's Distillery.
  1602 | D:2      | Bought a potion of heal wounds for 60 gold pieces
  2697 | D:3      | Reached skill level 4 in Spellcasting
  2742 | D:3      | Gained mutation: You have a pair of horns on your head.
                  | [demonic ancestry]
  2742 | D:3      | Reached XP level 4. HP: 12/31 MP: 3/10
  3093 | D:3      | Found a burning altar of Makhleb.
  3163 | D:3      | Noticed a centaur
  3745 | D:3      | Shot with an arrow by a centaur

Illustrated notes

Levels and vault maps discovered:
D:1:      dpeg_arrival_water_temple_mockup, layout_basic
D:2:      layout_basic, ebering_ecumenical_altar_box, serial_shops,
          nicolae_shop_trees
D:3:      layout_basic, mainiacjoe_overflow_surrounded_room

Skill      XL: |  1  2  3 |
---------------+----------+-----
Stealth        | 2 |  2.1
Spellcasting   | 4 |  4.0
Fighting       | |  0.6
Short Blades   | |  0.8
Staves         | |  0.2
Throwing       | |  0.5
Dodging        | |  1.9
Conjurations   | |  1.9
Summonings     | |  1.0
Translocations | |  0.8
Evocations     | |  0.2

Action                   |  1- 3 |  4- 6 || total
-------------------------+-------+-------++-------
Melee: Dagger            |    53 |       ||    53
       Headbutt          |    17 |     5 ||    22
       Punch             |     1 |       ||     1
       Staff             |    13 |    16 ||    29
Throw: Boomerang         |     9 |       ||     9
       Dart              |       |     5 ||     5
 Cast: Magic Dart        |    95 |    37 ||   132
  Use: Scroll            |     2 |     1 ||     3
 Stab: Sleeping          |     1 |       ||     1
Armor: Robe              |    12 |     2 ||    14
Dodge: Dodged            |    38 |    24 ||    62
